 Dungeon Crawl Stone Soup version 0.29.1-13-g9f3cf754e1 (webtiles) character file.

Game seed: 16600627068372280425

1060 hbarley the Cleaver (level 8, -14/70 HPs)
             Began as a Hill Orc Fighter on Feb 1, 2023.
             Killed from afar by Maggie (17 damage)
             ... with a bolt of fire
             ... on level 6 of the Dungeon.
             The game lasted 00:15:08 (5697 turns).

hbarley the Cleaver (Hill Orc Fighter)              Turns: 5697, Time: 00:15:09

Health: -14/70     AC:  8    Str: 19    XL:     8   Next: 27%
Magic:  0/17       EV:  9    Int:  8    God:
Gold:   362        SH:  5    Dex: 12    Spells: 7/7 levels left

rFire   . . .      SeeInvis .   a - +0 war axe
rCold   . . .      Faith    .   c - +0 buckler
rNeg    . . .      Spirit   +   b - +0 scale mail
rPois   +          Reflect  .   (no helmet)
rElec   .          Harm     .   D - +0 cloak
rCorr   .          Rampage  .   (no gloves)
Will    .....                   (no boots)
Stlth   ..........              y - amulet of guardian spirit
HPRegen 0.21/turn               u - ring of poison resistance
MPRegen 0.15/turn               F - ring of magical power

@: mesmerised
A: no striking features
a: no special abilities


You were on level 6 of the Dungeon.
You visited 1 branch of the dungeon, and saw 6 of its levels.

You collected 362 gold pieces.

Inventory:

Hand Weapons
 a - a +0 war axe (weapon)
Armour
 b - a +0 scale mail (worn)
 c - a +0 buckler (worn)
 g - a scarf of harm
 D - a +0 cloak (worn)
Magical Staves
 l - a staff of poison
Jewellery
 j - an amulet of magic regeneration
 u - a ring of poison resistance (left hand)
 y - an amulet of guardian spirit (around neck)
 F - a ring of magical power (right hand)
Wands
 B - a wand of paralysis (5)
Scrolls
 e - a scroll of torment {unknown}
 f - 3 scrolls of blinking {unknown}
 h - 2 scrolls of fog {unknown}
 i - a scroll of acquirement {unknown}
 k - 2 scrolls of enchant weapon {unknown}
 n - 4 scrolls of silence {unknown}
 o - 3 scrolls of identify {unknown}
 p - a scroll of enchant armour {unknown}
 q - 3 scrolls of teleportation {unknown}
 s - 2 scrolls of poison {unknown}
 v - 3 scrolls of fear {unknown}
 E - a scroll of immolation {unknown}
 H - a scroll of vulnerability {unknown}
Potions
 d - 2 potions of might
 m - 2 potions of brilliance {unknown}
 r - a potion of berserk rage {unknown}
 t - 2 potions of flight {unknown}
 w - 3 potions of mutation {unknown}
 x - 4 potions of haste {unknown}
 z - a potion of magic {unknown}
 C - a potion of invisibility {unknown}
 G - a potion of attraction {unknown}
 I - 2 potions of degeneration {unknown}
 J - a potion of curing {unknown}
 K - a potion of lignification {unknown}
 L - a potion of heal wounds {unknown}


   Skills:
 + Level 5.8 Fighting
 + Level 8.1 Axes
 + Level 1.5 Throwing
 + Level 6.1 Armour
 + Level 1.5 Dodging
 - Level 0.3 Stealth
 + Level 4.4 Shields


You had 7 spell levels left.
You didn't know any spells.
Your spell library contained the following spells:

 Spells                   Type           Power      Damage    Failure   Level
 Static Discharge         Conj/Air       0%         3-3/arc   93%         2
 Sublimation of Blood     Necr           0%         N/A       93%         2
 Dispel Undead            Necr           0%         3d6       100%        4
 Petrify                  Tmut/Erth      0%         N/A       100%        4
 Sticky Flame             Conj/Fire      0%         2d3       100%        4
 Fireball                 Conj/Fire      0%         3d3       100%        5
 Irradiate                Conj/Tmut      0%         3d11      100%        5
 Iskenderun's Battlesphe  Conj           0%         2d6       100%        5
 Conjure Ball Lightning   Conj/Air       0%         3x3d6     100%        6
 Orb of Destruction       Conj           0%         9d5       100%        7


Dungeon Overview and Level Annotations

Branches:
Dungeon (6/15)
 Temple: D:4-7

Altars:
Sif Muna
The Shining One

Shops:
D:1 (   D:5 [

Annotations:
D:6 Maggie


Message History

Maggie attempts to bespell you!
You are mesmerised by Maggie!
You cannot move away from Maggie!
You cannot move away from Maggie!
You cannot move away from Maggie!
You cannot move away from Maggie!
You cannot move away from Maggie!
You cannot move away from Maggie!
You throw a poisoned dart. The poisoned dart hits Maggie.
You throw a poisoned dart. The poisoned dart hits Maggie.
Maggie is poisoned.
You throw a poisoned dart. The poisoned dart hits Maggie.
Maggie is lightly wounded.
Nothing quivered!
Maggie hits you with a +2 glaive of flaming!
Maggie burns you.
You closely miss Maggie.
Maggie is lightly wounded.
Maggie casts a spell at you. The bolt of fire hits you!!
Maggie mutters to herself, "Master Lance won't take me back.
This is the way forward."
Maggie hits you with a +2 glaive of flaming!
Maggie burns you.
You hit Maggie.
Maggie is lightly wounded.
Maggie completely misses you.
You hit Maggie but do no damage.
Maggie is lightly wounded.
Maggie hits you with a +2 glaive of flaming.
Maggie burns you.
You slash Maggie!
Maggie is moderately wounded.
Maggie points at you and mumbles some strange words.
The bolt of fire hits you!!
* * * LOW HITPOINT WARNING * * *
You slash Maggie!
Maggie is heavily wounded.
Maggie looks more healthy.
Maggie points at you and mumbles some strange words.
The bolt of fire hits you!!
You die...

##.....#.# #.##.#
########.###.##.#
#######...##.##.#
##.###.#.##.#
####.## ##..##.#
####....# #.....#
.........##
##.#####
.########.###.##
#@@......##
....((.########
#######


You could see Maggie (mesmerising).

Vanquished Creatures
  Sigmund (D:6)
  An ice beast (D:6)
  An ogre (D:5)
  2 phantoms (D:5)
  A scorpion (D:5)
  A howler monkey (D:4)
  2 hounds (D:5)
  3 jellies (D:5)
  An orc priest (D:5)
  5 iguanas
  7 adders
  A shadow imp (D:5)
  An ufetubus (D:4)
  3 worms
  A dart slug (D:4)
  8 orcs
  12 ball pythons
  5 endoplasms
  4 giant cockroaches
  9 goblins
  7 hobgoblins
  6 jackals
  2 quokkas
  5 bats
  6 frilled lizards
  10 kobolds
  3 rats (D:2)
108 creatures vanquished.

Vanquished Creatures (others)
  4 plants (D:1)
4 creatures vanquished.

Grand Total: 112 creatures vanquished

Notes
Turn   | Place    | Note
-------+----------+-------------------------------------------
     0 | D:1      | hbarley the Hill Orc Fighter began the quest for the Orb.
     0 | D:1      | Reached XP level 1. HP: 19/19 MP: 1/1
   197 | D:1      | Found Tiuvuga's Weapon Boutique.
   199 | D:1      | Reached XP level 2. HP: 24/27 MP: 2/2
   475 | D:1      | Reached XP level 3. HP: 27/33 MP: 3/3
   539 | D:1      | Reached skill level 3 in Axes
  1034 | D:2      | Reached XP level 4. HP: 34/40 MP: 4/4
  1605 | D:2      | Reached skill level 4 in Axes
  2293 | D:3      | Reached XP level 5. HP: 47/47 MP: 5/5
  3141 | D:4      | Reached skill level 5 in Axes
  3141 | D:4      | Reached XP level 6. HP: 43/53 MP: 6/6
  3329 | D:5      | Entered Level 5 of the Dungeon
  3472 | D:5      | HP: 2/55 [poisoned by a scorpion]
  3474 | D:5      | Reached skill level 1 in Throwing
  3813 | D:5      | Reached skill level 5 in Fighting
  3813 | D:5      | Reached skill level 5 in Armour
  3817 | D:5      | Reached skill level 1 in Dodging
  4007 | D:5      | Reached XP level 7. HP: 61/61 MP: 7/7
  4019 | D:5      | Found Luw Udui's Armour Shoppe.
  4082 | D:5      | Reached skill level 6 in Axes
  4404 | D:5      | Found a glowing golden altar of the Shining One.
  4578 | D:5      | Reached skill level 7 in Axes
  5449 | D:6      | Found a shimmering blue altar of Sif Muna.
  5478 | D:6      | Reached XP level 8. HP: 70/70 MP: 8/8
  5507 | D:6      | Noticed Sigmund
  5518 | D:6      | Killed Sigmund
  5519 | D:6      | Reached skill level 8 in Axes
  5685 | D:6      | Noticed Maggie
  5696 | D:6      | HP: 3/70 [Maggie/bolt of fire (19)]
  5697 | D:6      | Killed from afar by Maggie

Illustrated notes

Levels and vault maps discovered:
D:1:      spicycebolla_arrival_clurvy, layout_basic, serial_shops,
          nicolae_shop_bloodbath_and_beyond
D:2:      layout_loops_cross, st_stairs_4, minmay_tetromino_l4
D:3:      layout_loops_ring, amethyst_killhole
D:4:      layout_rooms
D:5:      layout_basic, nicolae_tso_carved_into_rock, serial_shops,
          nicolae_shop_hallway_plus
D:6:      layout_loops_ring, mainiacjoe_overflow_alcove_4, uniq_prince_ribbit1,
          uniq_maggie, uniq_sigmund

Skill      XL: |  1  2  3  4  5  6  7  8 |
---------------+-------------------------+-----
Fighting       | 4 5 |  5.8
Axes           | 3 4 5 7 8 |  8.1
Armour         | 4 5 6 |  6.1
Shields        | 4 |  4.4
Throwing       | 1 |  1.5
Dodging        | 1 |  1.5
Stealth        | |  0.3

Action                   |  1- 3 |  4- 6 |  7- 9 || total
-------------------------+-------+-------+-------++-------
Melee: War axe           |   133 |   157 |    73 ||   363
Throw: Dart              |       |    23 |    10 ||    33
Armor: Scale mail        |    67 |    72 |    26 ||   165
Dodge: Dodged            |    62 |    99 |    27 ||   188
Block: Buckler           |    35 |    48 |     6 ||    89
